TOP OF THE 1ST |
Boston Rebels batting - Pitching for Maui Tropics : RHP Júlio González
|
Pitching: RHP Júlio González
|
|
Batting: RHB Ronnie Brown
|
0-0: Called Strike 0-1: Ball 1-1: Ground out 5-3 (Groundball, 5L)
|
Batting: LHB Doyle Otterburn
|
0-0: Called Strike 0-1: Ball 1-1: Ball 2-1: Called Strike 2-2: Foul Ball, location: 2F 2-2: Strikes out swinging
|
Batting: LHB Stanley Mullins
|
0-0: Foul Ball, location: 2F 0-1: Ball 1-1: Ball 2-1: Ball 3-1: SINGLE (Groundball, 56D)
|
Batting: LHB Lorenzo Flores
|
0-0: Ball 1-0: Ball 2-0: Called Strike 2-1: Foul Ball, location: 2F 2-2: Strikes out swinging
|
Top of the 1st over - 0 run(s), 1 hit(s), 0 error(s), 1 left on base; Boston 0 - Maui 0 |
BOTTOM OF THE 1ST |
Maui Tropics batting - Pitching for Boston Rebels : RHP Martín Ramírez
|
Pitching: RHP Martín Ramírez
|
|
Batting: RHB Jeff Packard
|
0-0: Called Strike 0-1: Called Strike 0-2: Foul Ball, location: 2F 0-2: Foul Ball, location: 2F 0-2: Foul Ball, location: 2F 0-2: Ball 1-2: Foul Ball, location: 2F 1-2: Ball 2-2: Strikes out swinging
|
Batting: RHB Michael Woodruff
|
0-0: Ball 1-0: Ball 2-0: Called Strike 2-1: Foul Ball, location: 2F 2-2: Strikes out swinging
|
Batting: RHB José Herrera
|
0-0: Swinging Strike 0-1: Ball 1-1: Foul Ball, location: 2F 1-2: Fly out, F9 (Flyball, 89M)
|
Bottom of the 1st over - 0 run(s), 0 hit(s), 0 error(s), 0 left on base; Boston 0 - Maui 0 |
TOP OF THE 2ND |
Boston Rebels batting - Pitching for Maui Tropics : RHP Júlio González
|
Batting: SHB Javier Villegas
|
0-0: Ball 1-0: Called Strike 1-1: Foul Ball, location: 2F 1-2: Strikes out looking
|
Batting: RHB Salvador Gonzáles
|
0-0: Foul Ball, location: 2F 0-1: Called Strike 0-2: Ball 1-2: Strikes out looking
|
Batting: LHB Jeff Gordon
|
0-0: Ball 1-0: SINGLE (Line Drive, 6M)
|
Batting: RHB Roberto Chávez
|
0-0: Ground out 6-3 (Groundball, 56)
|
Top of the 2nd over - 0 run(s), 1 hit(s), 0 error(s), 1 left on base; Boston 0 - Maui 0 |
BOTTOM OF THE 2ND |
Maui Tropics batting - Pitching for Boston Rebels : RHP Martín Ramírez
|
Batting: LHB Luis Antonio Torres
|
0-0: Ball 1-0: Called Strike 1-1: Ground out 6-3 (Groundball, 6M)
|
Batting: LHB Anacleto Morillo
|
0-0: Foul Ball, location: 2F 0-1: Ground out 4-3 (Groundball, 34)
|
Batting: RHB José Rodríguez
|
0-0: Ball 1-0: Fly out, F2 (Popup, 2RF)
|
Bottom of the 2nd over - 0 run(s), 0 hit(s), 0 error(s), 0 left on base; Boston 0 - Maui 0 |
TOP OF THE 3RD |
Boston Rebels batting - Pitching for Maui Tropics : RHP Júlio González
|
Batting: RHB Rubén Matos
|
0-0: Called Strike 0-1: Swinging Strike 0-2: Foul Ball, location: 2F 0-2: Strikes out looking
|
Batting: RHB Ronnie Brown
|
0-0: Ground out U3 (Groundball, 3)
|
Batting: LHB Doyle Otterburn
|
0-0: Ball 1-0: Ground out U3 (Groundball, 3)
|
Top of the 3rd over - 0 run(s), 0 hit(s), 0 error(s), 0 left on base; Boston 0 - Maui 0 |
BOTTOM OF THE 3RD |
Maui Tropics batting - Pitching for Boston Rebels : RHP Martín Ramírez
|
Batting: RHB Eugene Gill
|
0-0: Called Strike 0-1: Fly out, F5 (Popup, 15S)
|
Batting: RHB Matt Silver
|
0-0: Fly out, F7 (Flyball, 7D)
|
Batting: LHB Javier Espinoza
|
0-0: Ball 1-0: Ball 2-0: Ball 3-0: Fly out, F7 (Flyball, 7LD)
|
Bottom of the 3rd over - 0 run(s), 0 hit(s), 0 error(s), 0 left on base; Boston 0 - Maui 0 |
TOP OF THE 4TH |
Boston Rebels batting - Pitching for Maui Tropics : RHP Júlio González
|
Batting: LHB Stanley Mullins
|
0-0: Called Strike 0-1: Foul Ball, location: 2F 0-2: Fly out, F7 (Flyball, 7S)
|
Batting: LHB Lorenzo Flores
|
0-0: Ball 1-0: Ball 2-0: Ball 3-0: Base on Balls
|
Batting: SHB Javier Villegas
|
0-0: Ball 1-0: Foul Ball, location: 2F 1-1: Foul Ball, location: 2F 1-2: Ball 2-2: Ball 3-2: Base on Balls Lorenzo Flores to second
|
Batting: RHB Salvador Gonzáles
|
0-0: SINGLE (Groundball, 5L) Lorenzo Flores to third Javier Villegas to second Runner from 3rd tries for Home, throw and OUT!
|
Batting: LHB Jeff Gordon
|
0-0: Ball 1-0: Swinging Strike 1-1: Called Strike 1-2: SINGLE (Groundball, 6MD) Javier Villegas to third Salvador Gonzáles to second Runner from 3rd tries for Home, SAFE, no throw or cutoff
|
Batting: RHB Roberto Chávez
|
0-0: Swinging Strike 0-1: Foul Ball, location: 2F 0-2: Ball 1-2: Ball 2-2: Ball 3-2: Strikes out looking
|
Top of the 4th over - 1 run(s), 2 hit(s), 0 error(s), 2 left on base; Boston 1 - Maui 0 |
BOTTOM OF THE 4TH |
Maui Tropics batting - Pitching for Boston Rebels : RHP Martín Ramírez
|
Batting: RHB Jeff Packard
|
0-0: Called Strike 0-1: Foul Ball, location: 2F 0-2: Strikes out swinging
|
Batting: RHB Michael Woodruff
|
0-0: Fly out, F3 (Popup, 3F)
|
Batting: RHB José Herrera
|
0-0: Called Strike 0-1: Ball 1-1: Foul Ball, location: 2F 1-2: Ball 2-2: Ball 3-2: Fly out, F8 (Flyball, 8LXD)
|
Bottom of the 4th over - 0 run(s), 0 hit(s), 0 error(s), 0 left on base; Boston 1 - Maui 0 |
TOP OF THE 5TH |
Boston Rebels batting - Pitching for Maui Tropics : RHP Júlio González
|
Batting: RHB Rubén Matos
|
0-0: Ball 1-0: Ground out 4-3 (Groundball, 4)
|
Batting: RHB Ronnie Brown
|
0-0: Foul Ball, location: 2F 0-1: Ground out 6-3 (Groundball, 6)
|
Batting: LHB Doyle Otterburn
|
0-0: Called Strike 0-1: Ball 1-1: Ball 2-1: Called Strike 2-2: Foul Ball, location: 2F 2-2: Ball 3-2: Fly out, F7 (Flyball, 7D)
|
Top of the 5th over - 0 run(s), 0 hit(s), 0 error(s), 0 left on base; Boston 1 - Maui 0 |
BOTTOM OF THE 5TH |
Maui Tropics batting - Pitching for Boston Rebels : RHP Martín Ramírez
|
Batting: LHB Luis Antonio Torres
|
0-0: Ball 1-0: Ball 2-0: Called Strike 2-1: SINGLE (Line Drive, 6MD)
|
Batting: LHB Anacleto Morillo
|
0-0: Called Strike 0-1: SINGLE (Line Drive, 89M) Luis Antonio Torres to second
|
Batting: RHB José Rodríguez
|
0-0: Called Strike 0-1: Ball 1-1: Swinging Strike 1-2: Foul Ball, location: 2F 1-2: Strikes out swinging
|
Batting: RHB Eugene Gill
|
0-0: Called Strike 0-1: Ball 1-1: Ground out 4-3 (Groundball, 4M) Luis Antonio Torres to third Anacleto Morillo to second
|
Batting: RHB Matt Silver
|
0-0: Ball 1-0: Foul Ball, location: 2F 1-1: Swinging Strike 1-2: Ball 2-2: Fly out, F8 (Line Drive, 8LS)
|
Bottom of the 5th over - 0 run(s), 2 hit(s), 0 error(s), 2 left on base; Boston 1 - Maui 0 |
TOP OF THE 6TH |
Boston Rebels batting - Pitching for Maui Tropics : RHP Júlio González
|
Batting: LHB Stanley Mullins
|
0-0: Ground out 6-3 (Groundball, 6M)
|
Batting: LHB Lorenzo Flores
|
0-0: Ground out 1-3 (Groundball, 13S)
|
Batting: SHB Javier Villegas
|
0-0: Fly out, F8 (Flyball, 8RM)
|
Top of the 6th over - 0 run(s), 0 hit(s), 0 error(s), 0 left on base; Boston 1 - Maui 0 |
BOTTOM OF THE 6TH |
Maui Tropics batting - Pitching for Boston Rebels : RHP Martín Ramírez
|
Batting: LHB Javier Espinoza
|
0-0: Foul Ball, location: 2F 0-1: Foul Ball, location: 2F 0-2: Ball 1-2: Strikes out swinging
|
Batting: RHB Jeff Packard
|
0-0: SINGLE (Line Drive, 56D)
|
Batting: RHB Michael Woodruff
|
0-0: Called Strike 0-1: Swinging Strike 0-2: Fly out, F8 (Flyball, 8RD)
|
Batting: RHB José Herrera
|
0-0: Called Strike 0-1: Ball 1-1: Fly out, F9 (Flyball, 9LM)
|
Bottom of the 6th over - 0 run(s), 1 hit(s), 0 error(s), 1 left on base; Boston 1 - Maui 0 |
TOP OF THE 7TH |
Boston Rebels batting - Pitching for Maui Tropics : RHP Júlio González
|
Batting: RHB Salvador Gonzáles
|
0-0: Ball 1-0: Ball 2-0: Called Strike 2-1: Foul Ball, location: 2F 2-2: Strikes out looking
|
Batting: LHB Jeff Gordon
|
0-0: Ball 1-0: Called Strike 1-1: Foul Ball, location: 2F 1-2: Ground out 2-3 (Groundball, 25)
|
Batting: RHB Roberto Chávez
|
0-0: Called Strike 0-1: Foul Ball, location: 2F 0-2: Ball 1-2: Foul Ball, location: 2F 1-2: Ball 2-2: Strikes out swinging
|
Top of the 7th over - 0 run(s), 0 hit(s), 0 error(s), 0 left on base; Boston 1 - Maui 0 |
BOTTOM OF THE 7TH |
Maui Tropics batting - Pitching for Boston Rebels : RHP Martín Ramírez
|
Batting: LHB Luis Antonio Torres
|
0-0: Fly out, F1 (Line Drive, 15)
|
Batting: LHB Anacleto Morillo
|
0-0: Foul Ball, location: 2F 0-1: Fly out, F8 (Flyball, 8LXD)
|
Batting: RHB José Rodríguez
|
0-0: Ball 1-0: Called Strike 1-1: Ball 2-1: Ball 3-1: Fly out, F9 (Popup, 4D)
|
Bottom of the 7th over - 0 run(s), 0 hit(s), 0 error(s), 0 left on base; Boston 1 - Maui 0 |
TOP OF THE 8TH |
Boston Rebels batting - Pitching for Maui Tropics : RHP Júlio González
|
Batting: RHB Rubén Matos
|
0-0: Ground out 4-3 (Groundball, 34)
|
Batting: RHB Ronnie Brown
|
0-0: Called Strike 0-1: Ball 1-1: Called Strike 1-2: Ball 2-2: Strikes out looking
|
Batting: LHB Doyle Otterburn
|
0-0: Foul Ball, location: 2F 0-1: Ball 1-1: Ball 2-1: Ground out 4-3 (Groundball, 4)
|
Top of the 8th over - 0 run(s), 0 hit(s), 0 error(s), 0 left on base; Boston 1 - Maui 0 |
BOTTOM OF THE 8TH |
Maui Tropics batting - Pitching for Boston Rebels : RHP Martín Ramírez
|
Batting: RHB Eugene Gill
|
0-0: Swinging Strike 0-1: Ball 1-1: Ball 2-1: Foul Ball, location: 2F 2-2: Ball 3-2: Strikes out swinging
|
Batting: RHB Matt Silver
|
0-0: Called Strike 0-1: Ball 1-1: Ball 2-1: Foul Ball, location: 2F 2-2: Ball 3-2: DOUBLE (Line Drive, 5D)
|
Batting: LHB Javier Espinoza
|
0-0: Called Strike 0-1: Foul Ball, location: 2F 0-2: Foul Ball, location: 2F 0-2: SINGLE (Line Drive, 89S) Matt Silver to third
|
Pinch Hitting: RHB Jesús Espinoza
|
0-0: Grounds into double play, 4-6-3 (Groundball, 4)
|
Bottom of the 8th over - 0 run(s), 2 hit(s), 0 error(s), 1 left on base; Boston 1 - Maui 0 |
TOP OF THE 9TH |
Boston Rebels batting - Pitching for Maui Tropics : RHP Júlio González
|
Pitching: RHP Dave Riley
|
|
Now in RF: Jesús Espinoza
|
|
Batting: LHB Stanley Mullins
|
0-0: Called Strike 0-1: Called Strike 0-2: SINGLE (Groundball, 34D)
|
Batting: LHB Lorenzo Flores
|
0-0: Ball 1-0: Ball 2-0: Called Strike 2-1: SINGLE (Groundball, 23) (infield hit) Stanley Mullins to second
|
Batting: SHB Javier Villegas
|
0-0: Ball 1-0: Ball 2-0: DOUBLE (Line Drive, 89S) Stanley Mullins scores Lorenzo Flores to third
|
Batting: RHB Salvador Gonzáles
|
0-0: Ball 1-0: Ball 2-0: Foul Ball, location: 2F 2-1: Called Strike 2-2: Strikes out swinging
|
Batting: LHB Jeff Gordon
|
0-0: Intentional Walk
|
Pinch Hitting: LHB Tony Ramírez
|
0-0: Swinging Strike 0-1: Fielders Choice at 2nd, 4-6 (Groundball, 4) Lorenzo Flores scores Javier Villegas to third
|
Batting: RHB Rubén Matos
|
0-0: Foul Ball, location: 2F 0-1: Called Strike 0-2: Foul Ball, location: 2F 0-2: Ball 1-2: Ball 2-2: Fly out, F7 (Line Drive, 78D)
|
Top of the 9th over - 2 run(s), 3 hit(s), 0 error(s), 2 left on base; Boston 3 - Maui 0 |
BOTTOM OF THE 9TH |
Maui Tropics batting - Pitching for Boston Rebels : RHP Martín Ramírez
|
Pitching: RHP Alberto Bonilla
|
|
Now at SS: Tony Ramírez
|
|
Batting: RHB Michael Woodruff
|
0-0: Ball 1-0: Ball 2-0: SINGLE (Groundball, 6MD)
|
Batting: RHB José Herrera
|
0-0: Called Strike 0-1: Foul Ball, location: 2F 0-2: Ball 1-2: Foul Ball, location: 2F 1-2: Ball 2-2: Strikes out looking
|
Batting: LHB Luis Antonio Torres
|
0-0: Swinging Strike 0-1: Ball 1-1: Called Strike 1-2: Strikes out swinging
|
Batting: LHB Anacleto Morillo
|
0-0: Ball 1-0: Foul Ball, location: 2F 1-1: Foul Ball, location: 2F 1-2: DOUBLE (Groundball, 3L) Michael Woodruff to third Runner from 3rd tries for Home, SAFE, throw made at trailing runner, SAFE at third!
|
Batting: RHB José Rodríguez
|
0-0: Ball 1-0: Foul Ball, location: 2F 1-1: Swinging Strike 1-2: Strikes out swinging
|
Bottom of the 9th over - 1 run(s), 2 hit(s), 0 error(s), 1 left on base; Boston 3 - Maui 1 |
|